Construct Infanterie Kompanie
Selects Italian Coastal Battlegroup
Construct Panzergrenadier Kompanie
Selects Artillery Officer
Selects Designated Artillery Overwatch
Pak 40 Anti-tank Gun Team
Nebelwerfer 42 Rocket Launcher Team
Designated Artillery Overwatch
Construct Panzer Kompanie
Designated Artillery Overwatch
Designated Artillery Overwatch
Selects Obice da 210/22 Artillery Emplacement
Designated Artillery Overwatch
Designated Artillery Overwatch